Cogmind - Beta 13 @@@ ROGUE MODE // 2024.04.04 @ 04:53:43 Player: 81fm Result: Destroyed by Y-64 Sentinel with KE Penetrator Performance ------------- Evolutions (1) 500 Regions Visited (6) 1200 Robots Destroyed (24) 120 Value Destroyed (746) 746 Prototype IDs (3) 60 Alien Tech Used (0) 0 Bonus (651) 651 TOTAL SCORE: 3277 Bonus ------- Follower Combat Kills 117 Met Imprinter 300 Was Imprinted 300 Friendly Fire -66 Cogmind --------- Core Integrity 0/400 Matter 206/300 Energy 38/100 System Corruption 12% Temperature Cool (0) Movement Core (1400) Ox27 Location -6/Proximity Caves Parts ------- > --- POWER (1) -------- (None) > --- PROPULSION (2) --- (None) > --- UTILITY (4) ------ Huge Storage Unit Experimental Terrain Scan Processor > --- WEAPON (2) ------- Heavy Riot Gun > --- INVENTORY (25) --- Angular Momentum Engine High-capacity Matter Pod (200) Advanced Signal Interpreter 0b10 Decoder Chip [Scout] Advanced System Shield Self-destruct Interrupter (50) GAL Module Peak State ------------ > --- POWER ------------ Angular Momentum Engine > --- PROPULSION ------- Light Treads Armored Treads > --- UTILITY ---------- Huge Storage Unit Sensor Array Experimental Signal Interpreter Experimental Terrain Scan Processor > --- WEAPON ----------- Rocket Launcher Mini Grenade Launcher > --- INVENTORY -------- Angular Momentum Engine Light Treads High-capacity Matter Pod Advanced Signal Interpreter 0b10 Decoder Chip [Scout] Advanced System Shield Beam Rifle Beam Cannon EMP Blaster Mini Grenade Launcher Self-destruct Interrupter GAL Module [Rating: 35] Favorites ----------- Power Improved Ion Engine Engine Improved Ion Engine Propulsion Light Treads Treads Light Treads Utility Huge Storage Unit Device Sensor Array Storage Huge Storage Unit Processor Experimental Signal Interpreter Weapon Rocket Launcher Energy Gun Beam Rifle Energy Cannon Beam Cannon Ballistic Gun Assault Rifle Launcher Rocket Launcher Build | -11 -10 -10 -9 -9 -7 -6 ------- Run | Yrd Mat Min Mat Min Zio Pro Slots Evolved 2 | . . . 2 . . . Power . | . . . . . . . Propulsion . | . . . . . . . Utility 2 | . . . 2 . . . Weapon . | . . . . . . . Parts Attached 25 | 5 3 1 7 . 3 6 Power 3 | 1 . . 1 . . 1 Engine 3 | 1 . . 1 . . 1 Core . | . . . . . . . Reactor . | . . . . . . . Propulsion 3 | 2 . . . . . 1 Treads 3 | 2 . . . . . 1 Leg . | . . . . . . . Wheel . | . . . . . . . Hover . | . . . . . . . Flight . | . . . . . . . Utility 8 | . 3 . 2 . 3 . Device 1 | . 1 . . . . . Storage 3 | . 2 . 1 . . . Processor 4 | . . . 1 . 3 . Hackware . | . . . . . . . Protection . | . . . . . . . Artifact . | . . . . . . . Weapon 11 | 2 . 1 4 . . 4 Energy Gun 2 | . . . 1 . . 1 Energy Cannon 2 | . . 1 . . . 1 Ballistic Gun 2 | 2 . . . . . . Ballistic Cannon . | . . . . . . . Launcher 5 | . . . 3 . . 2 Special Weapon . | . . . . . . . Impact Weapon . | . . . . . . . Slashing Weapon . | . . . . . . . Piercing Weapon . | . . . . . . . Special Melee Weapon . | . . . . . . . Unidentified Prototypes 3 | . . . . . 3 . Parts Lost 8 | . . 1 . . . 7 Power 1 | . . 1 . . . . Propulsion 2 | . . . . . . 2 Utility 2 | . . . . . . 2 Weapon 3 | . . . . . . 3 Highest Loss Streak 7 | . . 1 . . . 7 To Critical Strikes . | . . . . . . . Average Slot Usage (%) 98 | . 88 99 97 100 99 98 Engine 11 | . 14 13 8 11 11 10 Treads 23 | . 28 28 22 22 22 21 Device 11 | . 4 14 11 11 11 10 Storage 14 | . 12 14 22 22 13 11 Processor 14 | . . . 11 11 19 21 Energy Cannon 1 | . . 6 5 . . . Ballistic Gun 4 | . 28 21 2 . . . Launcher 16 | . . . 12 22 22 21 Naked Turns . | . . . . . . . Heaviest Build 100 | 9 90 91 100 97 97 99 Greatest Support 40 | 3 40 40 40 40 40 40 Greatest Overweight (x) 2 | 2 2 2 2 2 2 2 Average Overweight (x) 1 | 1 1 2 2 2 2 2 Largest Inventory Capacity 25 | 5 25 25 25 25 25 25 Average Capacity 24 | 5 21 25 25 25 25 25 Most Carried 12 | 2 2 5 6 4 10 12 Average Carried 7 | . . 3 3 4 8 10 Final Capacity 25 | 5 25 25 25 25 25 25 Final Carried 10 | . 1 5 4 4 10 7 Class Distribution -------------------- 97% | Mutant Dominant Class ---------------- Mutant | -10/Materials Mutant | -10/Mines Mutant | -9/Materials Mutant | -9/Mines Mutant | -7/Zion Mutant | -6/Proximity Caves Resources | -11 -10 -10 -9 -9 -7 -6 ----------- Run | Yrd Mat Min Mat Min Zio Pro Matter Collected 624 | 168 21 125 124 . 76 110 Remotely . | . . . . . . . Salvage Created 636 | . 21 53 395 . . 167 Parts 52 | . 5 6 36 . . 5 Haulers Intercepted . | . . . . . . . Recyclers Shooed . | . . . . . . . Parts Field Recycled . | . . . . . . . Retrieved Matter . | . . . . . . . Parts Self-Destructed 7 | . . . . . . 7 Prevented 2 | . . . . . . 2 Kills | -11 -10 -10 -9 -9 -7 -6 ------- Run | Yrd Mat Min Mat Min Zio Pro Combat Hostiles Destroyed 16 | . . 3 7 . . 6 Guns 5 | . . 3 2 . . . AOE 11 | . . . 5 . . 6 Classes Destroyed 10 | . 1 1 5 . . 3 Builder 1 | . . . 1 . . . Operator 2 | . . . 2 . . . Watcher 5 | . 1 . 4 . . . Swarmer 5 | . . 3 . . . 2 Grunt 4 | . . . 4 . . . Brawler 2 | . . . 1 . . 1 Duelist 1 | . . . . . . 1 Sentry 2 | . . . 2 . . . Programmer 1 | . . . . . . 1 Behemoth 1 | . . . . . . 1 Best Kill Streak 5 | . 1 3 4 . . 5 Combat Bots Only 5 | . . 3 3 . . 5 Max Kills in Single Turn 2 | . 1 2 2 . . 2 Gunslinging 1 | . . 1 . . . . Exploded 2 | . . . 1 . . 2 Melee . | . . . . . . . Uniques/NPCs Destroyed . | . . . . . . . Combat | -11 -10 -10 -9 -9 -7 -6 -------- Run | Yrd Mat Min Mat Min Zio Pro Hostile Shots Fired 94 | . . 24 29 . . 41 Missed 24 | . . 5 14 . . 5 Damage Taken 1576 | . . 258 241 . . 1077 Core 462 | . . 49 37 . . 376 Absorbed by Shields . | . . . . . . . Core Remaining (%) 90 | 100 . 80 . . . . Volleys Fired 38 | . 1 6 20 . . 11 Largest 2 | . 2 2 2 . . 2 Hottest 93 | . 40 80 93 . . 90 Shots Fired 71 | . 2 12 40 . . 17 Gun 20 | . 2 9 8 . . 1 Cannon 20 | . . 3 14 . . 3 Launcher 31 | . . . 18 . . 13 Special . | . . . . . . . Kinetic 19 | . 2 9 8 . . . Thermal 20 | . . 3 14 . . 3 Explosive 19 | . . . 7 . . 12 Electromagnetic 13 | . . . 11 . . 2 Robot Hit Streak 6 | . 1 5 6 . . 6 Robot Miss Streak 4 | . 1 1 4 . . 1 Penetration Max . | . . . . . . . Secondary Targets 1 | . . 1 . . . . Max Gunslinging Chain 1 | . . 1 . . . . Shots Hit Robots 45 | . 1 9 21 . . 14 Core Hits 49 | . 1 4 19 . . 25 Critical Kills . | . . . . . . . Critical Parts Destroyed . | . . . . . . . Critical Strikes . | . . . . . . . Melee Attacks . | . . . . . . . Impact . | . . . . . . . Slashing . | . . . . . . . Piercing . | . . . . . . . Sneak Attacks . | . . . . . . . Combat Hostiles . | . . . . . . . Follow-up Attacks . | . . . . . . . Damage Inflicted 2038 | . 12 120 834 . . 1072 Guns 159 | . 12 85 39 . . 23 Cannons 262 | . . 35 193 . . 34 Explosions 1608 | . . . 602 . . 1006 Melee . | . . . . . . . Ramming 9 | . . . . . . 9 Kinetic 136 | . 12 85 39 . . . Thermal 291 | . . 35 222 . . 34 Explosive 1300 | . . . 302 . . 998 Electromagnetic 302 | . . . 271 . . 31 Impact . | . . . . . . . Slashing . | . . . . . . . Piercing . | . . . . . . . Highest Corruption 12 | . . . . . . 12 Average Corruption 3 | . . . . . . 3 Corruption Purged . | . . . . . . . Corruption Blocked . | . . . . . . . Effects 1 | . . . . . . 1 Energy Discharges 1 | . . . . . . 1 Overload Shots . | . . . . . . . Overflow Damage 55 | . . . 3 . . 52 Projectiles . | . . . . . . . Explosions 55 | . . . 3 . . 52 Melee . | . . . . . . . Knockbacks . | . . . . . . . Impact . | . . . . . . . Kinetic . | . . . . . . . Secondary . | . . . . . . . Self-Inflicted Damage 339 | . . . 42 . . 297 Shots 12 | . . . 4 . . 8 Rammed 2 | . . . . . . 2 Targets Rammed 2 | . . . . . . 2 Kicked . | . . . . . . . Crushed . | . . . . . . . Highest Temperature 108 | . . 76 108 . . 79 Average Temperature 30 | . . 30 26 . . 40 Received Heat Transfer 195 | . . 60 90 . . 45 Siege Activations . | . . . . . . . Robots Corrupted . | . . . . . . . Combat Hostiles . | . . . . . . . Parts Fried . | . . . . . . . Impact Corruptions . | . . . . . . . Robots Melted . | . . . . . . . Combat Hostiles . | . . . . . . . Parts Melted 1 | . . . 1 . . . Heat Transferred 605 | . . 74 457 . . 74 Parts Sabotaged . | . . . . . . . Parts Stolen . | . . . . . . . Parts Stripped . | . . . . . . . Power Chain Reactions 1 | . . . 1 . . . Alert | -11 -10 -10 -9 -9 -7 -6 ------- Run | Yrd Mat Min Mat Min Zio Pro Peak Influence 264 | . 7 72 264 79 . . Initial 79 | . . 2 . 79 . . Average 67 | . 2 39 115 79 . . Maximum Alert Level 1 | . . . 1 . . . Low Security (%) 90 | 100 100 100 76 100 . . Level 1 9 | . . . 23 . . . Level 2 . | . . . . . . . Level 3 . | . . . . . . . Level 4 . | . . . . . . . Level 5 . | . . . . . . . High Security . | . . . . . . . Max Security . | . . . . . . . Squads Dispatched 2 | . . . 1 . . 1 Investigation . | . . . . . . . Extermination . | . . . . . . . Reinforcement 1 | . . . 1 . . . Assault 1 | . . . . . . 1 Garrison . | . . . . . . . Intercept . | . . . . . . . Searches Triggered . | . . . . . . . Construction Impeded . | . . . . . . . Haulers Reinforced . | . . . . . . . Active Scanning Responses . | . . . . . . . Cargo Convoy Interrupts . | . . . . . . . Stealth | -11 -10 -10 -9 -9 -7 -6 --------- Run | Yrd Mat Min Mat Min Zio Pro Distress Signals 1 | . . . 1 . . . Communications Jammed . | . . . . . . . Distress Signals . | . . . . . . . Times Spotted 38 | . 2 9 12 . . 15 Peak Tracking Total 9 | . 2 6 4 . . 9 Tactical Retreats 1 | . . . . . . 1 Traps | -11 -10 -10 -9 -9 -7 -6 ------- Run | Yrd Mat Min Mat Min Zio Pro Traps Triggered . | . . . . . . . Indirectly . | . . . . . . . Trap Hack Attempts . | . . . . . . . Triggered . | . . . . . . . Disarmed . | . . . . . . . Reprogrammed . | . . . . . . . Reused . | . . . . . . . Traps Extracted . | . . . . . . . Installed . | . . . . . . . Triggered . | . . . . . . . Machines | -11 -10 -10 -9 -9 -7 -6 ---------- Run | Yrd Mat Min Mat Min Zio Pro Machines Disabled 6 | . . . 5 . . 1 Max in Single Turn 3 | . . . 3 . . 1 Machines Repaired . | . . . . . . . Machines Dismantled . | . . . . . . . Machines Sabotaged . | . . . . . . . Overloaded Fab Kills . | . . . . . . . Hacking | -11 -10 -10 -9 -9 -7 -6 --------- Run | Yrd Mat Min Mat Min Zio Pro Machines Accessed . | . . . . . . . Terminals . | . . . . . . . Fabricators . | . . . . . . . Repair Stations . | . . . . . . . Recycling Units . | . . . . . . . Scanalyzers . | . . . . . . . Garrison Access . | . . . . . . . Total Hacks . | . . . . . . . Successful . | . . . . . . . Failed . | . . . . . . . Catastrophic . | . . . . . . . Database Lockouts . | . . . . . . . Manual 3 | . . . . . 3 . Terminals . | . . . . . . . Fabricators . | . . . . . . . Repair Stations . | . . . . . . . Recycling Units . | . . . . . . . Scanalyzers . | . . . . . . . Garrison Access . | . . . . . . . Terminal Hacks . | . . . . . . . Fabricator Hacks . | . . . . . . . Repair Station Hacks . | . . . . . . . Recycling Unit Hacks . | . . . . . . . Scanalyzer . | . . . . . . . Garrison Access Hacks . | . . . . . . . Unauthorized Hacks . | . . . . . . . Terminals . | . . . . . . . Fabricators . | . . . . . . . Repair Stations . | . . . . . . . Recycling Units . | . . . . . . . Scanalyzers . | . . . . . . . Garrison Access . | . . . . . . . Data Cores Recovered . | . . . . . . . Used . | . . . . . . . Hacking Detections . | . . . . . . . Full Trace Events . | . . . . . . . Feedback Events . | . . . . . . . Feedback Blocked . | . . . . . . . Robot Schematics Acquired 3 | . . . . . 3 . Robots Built . | . . . . . . . Authchips . | . . . . . . . Time . | . . . . . . . Total Robot Build Rating . | . . . . . . . Part Schematics Acquired 14 | . . . . . 14 . Parts Built . | . . . . . . . Authchips . | . . . . . . . Time . | . . . . . . . Total Part Build Rating . | . . . . . . . Parts Repaired . | . . . . . . . Time . | . . . . . . . Parts Recycled . | . . . . . . . Recycled Matter . | . . . . . . . Retrieved Matter . | . . . . . . . Retrieved Components . | . . . . . . . Parts Scanalyzed . | . . . . . . . Part Schematics Acquired . | . . . . . . . Parts Damaged . | . . . . . . . Bothacking | -11 -10 -10 -9 -9 -7 -6 ------------ Run | Yrd Mat Min Mat Min Zio Pro Used RIF Installer . | . . . . . . . Robots Hacked . | . . . . . . . Non-combat . | . . . . . . . Combat . | . . . . . . . Robot Hacks Applied . | . . . . . . . Relay Couplers Released . | . . . . . . . Fabnet Peak Effective % . | . . . . . . . Robots Rewired . | . . . . . . . Allies Hacked . | . . . . . . . Hacks Repelled . | . . . . . . . Allies | -11 -10 -10 -9 -9 -7 -6 -------- Run | Yrd Mat Min Mat Min Zio Pro Total Allies 4 | . . . . . 4 . Largest Group 4 | . . . . . 4 4 Highest-Rated Group 156 | . . . . . 156 156 Highest-Rated Ally 41 | . . . . . 41 41 Total Orders . | . . . . . . . Ally Attacks 31 | . . . . . . 31 Total Damage 779 | . . . . . . 779 Kills 5 | . . . . . . 5 Allies Corrupted . | . . . . . . . Allies Melted . | . . . . . . . Intel | -11 -10 -10 -9 -9 -7 -6 ------- Run | Yrd Mat Min Mat Min Zio Pro Robot Analysis Total . | . . . . . . . Derelict Logs Recovered 3 | . . . . . 2 1 Drone Launches . | . . . . . . . Drone Recoveries . | . . . . . . . Exploration | -11 -10 -10 -9 -9 -7 -6 ------------- Run | Yrd Mat Min Mat Min Zio Pro Turns Passed 5140 | 47 224 709 762 144 2208 1046 Spaces Moved 1593 | 33 89 215 214 46 687 309 Core 33 | 33 . . . . . . Treads 1560 | . 89 215 214 46 687 309 Legs . | . . . . . . . Wheels . | . . . . . . . Hover . | . . . . . . . Flight . | . . . . . . . Fastest Speed 50 | 50 160 320 320 320 320 320 Average Speed 312 | 115 242 320 320 320 320 323 Slowest Speed 325 | 150 320 320 320 320 320 325 Overloaded Moves . | . . . . . . . Propulsion Burnouts . | . . . . . . . Robots Hopped . | . . . . . . . Cave-ins Triggered 1 | . . . . . . 1 Exploration Rate (%) 35 | 3 23 47 26 29 74 46 Regions Visited 6 Branch Regions 4 Pre-discovered Areas 1 | . . 1 . . . . Known Exits Taken 3 | . . . 1 1 1 . Unknown Exits Taken 3 | 1 1 1 . . . . Scrap Searched 5 | . . 1 . . 4 . Spaces Dug . | . . . . . . . Terrain Destroyed 126 | . . . 65 . . 61 Melee . | . . . . . . . Projectile . | . . . . . . . AOE 126 | . . . 65 . . 61 Terrain Rammed . | . . . . . . . Walls Destroyed . | . . . . . . . Machines Disabled . | . . . . . . . Actions | -11 -10 -10 -9 -9 -7 -6 --------- Run | Yrd Mat Min Mat Min Zio Pro Total 1697 | 42 97 226 253 45 699 335 Wait 3 | . . . 3 . . . Move 1587 | 32 88 214 213 45 686 309 Hop . | . . . . . . . Pick Up 31 | 5 4 4 6 . 8 4 Fast Attach . | . . . . . . . Attach 17 | 5 2 1 3 . 2 4 Detach 1 | . . 1 . . . . Swap 8 | . 1 . 4 . 1 2 Drop 10 | . 1 . 4 . 2 3 Fire 38 | . 1 6 20 . . 11 Melee . | . . . . . . . Ram . | . . . . . . . Kick . | . . . . . . . Crush 2 | . . . . . . 2 Escape Stasis . | . . . . . . . Rewire . | . . . . . . . Trap . | . . . . . . . Miscellaneous . | . . . . . . . Route ------- -11/Scrapyard -10/Materials -10/Mines -9/Materials -9/Mines -7/Zion -6/Proximity Caves History --------- Turn | Location | Event 5 | -11/Scrapyard | Discovered new exit (range 15) 48 | -11/Scrapyard | Entered Materials 224 | -10/Materials | Discovered new exit (range 15) 272 | -10/Materials | Entered Mines 304 | -10/Mines | Build established: Mutant 383 | -10/Mines | A weapon hastily lodged in a ceiling crevice suddenly fell to the ground 677 | -10/Mines | Learned location of Storage (-7) 911 | -10/Mines | Discovered new exit (range 16) 918 | -10/Mines | Assembled infested the area 923 | -10/Mines | Assisted by a Guerilla fighting off Assembled 981 | -10/Mines | Entered Materials 981 | -9/Materials | Evolved 2 slots: Utility x2 1701 | -9/Materials | Discovered new exit (range 13) 1740 | -9/Materials | Identified exit to Mines 1743 | -9/Materials | Entered Mines 1795 | -9/Mines | Met a Derelict bent on vengeance 1853 | -9/Mines | A Derelict revealed a hidden shortcut to a safe place 1884 | -9/Mines | Identified exit to Zion 1887 | -9/Mines | Entered Zion 2016 | -7/Zion | Discovered new exit (range 16) 2087 | -7/Zion | Found GAL Module 2444 | -7/Zion | Found Prototype Processor 2445 | -7/Zion | Identified Exp. Melee Analysis Suite 2453 | -7/Zion | Found Prototype Processor 2454 | -7/Zion | Identified Exp. Signal Interpreter 2459 | -7/Zion | Found Prototype Processor 2460 | -7/Zion | Identified Exp. Terrain Scan Processor 2636 | -7/Zion | Learned Factory stockpile data 2729 | -7/Zion | Received a visual enhancement algorithm 2991 | -7/Zion | Learned Factory emergency access door positions 3174 | -7/Zion | Imprinted 3177 | -7/Zion | Declared Zion's savior 3551 | -7/Zion | Given A8's code to call for help 4092 | -7/Zion | Identified exit to Proximity Caves 4095 | -7/Zion | Entered Proximity Caves 4095 | -6/Proximity Caves | Accompanied by 4 allies 4329 | -6/Proximity Caves | Spotted B-75 Beast 4348 | -6/Proximity Caves | Destroyed B-75 Beast 4434 | -6/Proximity Caves | Learned Factory emergency access door positions 5114 | -6/Proximity Caves | Attracted the attention of an 0b10 outpost 5130 | -6/Proximity Caves | Core integrity fell below 50% 5135 | -6/Proximity Caves | Crushed by falling debris 5137 | -6/Proximity Caves | Core integrity fell below 20% 5140 | -6/Proximity Caves | System corruption reached 10% 5141 | -6/Proximity Caves | Destroyed by Y-64 Sentinel with KE Penetrator Last Messages --------------- 05125_ Mni. Grenade Launcher severed. 05127_ Arm. Treads destroyed. 05128_ The unstable cave ceiling collapses. 05129_ Angular Momentum Engine severed. 05130_ Lgt. Treads fries itself beyond repair. 05130_ L-41 Fighter destroyed. 05130_ Destroyed Shock Rifle. 05133_ P-60 Hacker destroyed. 05133_ Beam Cannon destroyed. 05133_ Destroyed Beam Cannon. 05134_ Knocked back. 05135_ The unstable cave ceiling collapses. 05135_ Crushed by falling debris. 05135_ Exp. Signal Interpreter destroyed. 05135_ System corrupted by crushing effect (+5). 05138_ Imp. Light Armor Plating fries itself beyond repair. 05139_ System corrupted: Energy discharge (-20). 05139_ Mni. Grenade Launcher destroyed. 05139_ System corrupted by crushing effect (+5). 05141_ Penetrated by Slug. Map ----- +----------------------------------------------------+ | ##???????????????????????????????????????????? | | ##????????????????????????????????????????????? | | ##?????????????????????????????????????????????? | | "#??????????????????????????????????????????????? | | ###??????????????????????????????????????????????? | | #????????????????????????????????????????????????? | | ?????????????????????????????????????????????????? | | ???????????????????????? ???????????????????????? | | ???????????????????????? ???????????????????????? | | ?????##????????????????? ???????????????????????? | | ????# ##????????????? ##$ ???????????????????????? | | #### ###?????????? ##?????????????????????? | | # ##????????? #?????####????????????? | | #????????# ##???# ????????????? | | ##???###### ##?# ???????????? | | #######???# ## ???????????? | | ##?######## b Y ????????????? | | #?## ## ## #? ?????????????? | | ### #?# ### % ???????????????? | | ### #" #????????????????? | | " ;" #????????????????? | | ####### #" " #????????????????? | | #?????# %!;""ll #????????????????? | | ##?????# [ *## g ##???????????????? | | ##?????## !% b #???????????????? | | ##??????# # @ #?????????????? | | ???????# # # #????????????? | | ???????## ## ##?? #????????????? | | ????????## ######### ##???? #????????????? | | ?????????##### ####????????##???????#????????????? | | ?????????????###?????????????????????????????????? | | ?????????????????????????????????????????????????? | | ?????????????????????????????????????????????????? | | ?????????????????????????????????????????????????? | | ?????????????????????????????????????????????????? | | ?????????????????????????????????????????????????? | | ?????????????????????????????????????????????????? | | ?????????????????????????????????????????????????? | | ?????????????????????????????????????????????????? | | ?????????????????????????????????????????????????? | | ?????????????????????????????????????????????????? | | ?????????????????????????????????????????????????? | | ?????????????????????????????????????????????????? | | ?????????????????????????????????????????????????? | | ?????????????????????????????????????????????????? | | ?????????????????????????????????????????????????? | | | | | | | | | +----------------------------------------------------+ Best States ------------- Heat Dissipation 28 Energy Generation 18 Energy Capacity 300 Matter Stores 500 Matter Capacity 500 Sight Range 16 Robot Scan Range 14 Terrain Scan Density 10 Evasion (%) 50 Recoil Reduction 2 Item Schematics ----------------- Plasma Rifle | -7/Zion | Archive Energy Filter | -7/Zion | Archive Imp. Plasma Cutter | -7/Zion | Archive Field Propulsion Drive | -7/Zion | Archive Gauss Rifle | -7/Zion | Archive Hvy. Pick | -7/Zion | Archive Med. Reactive Plating | -7/Zion | Archive Imp. Cryofiber Web | -7/Zion | Archive Gravmag System | -7/Zion | Archive Imp. Trap Scanner | -7/Zion | Archive Hvy. Riot Gun | -7/Zion | Archive Mak. Transmission Jammer | -7/Zion | Archive Hvy. Plasma Cannon | -7/Zion | Archive Imp. Titanium Leg | -7/Zion | Archive Robot Schematics ------------------ T-07 Excavator | -7/Zion | Archive K-01 Serf | -7/Zion | Archive O-24 Administrator | -7/Zion | Archive Fabricated ------------ Nothing Alien Tech Used ----------------- None Achievements -------------- I Survived The Infestation Robot Respite The One Challenges ------------ None Game ------ Seed SniperMediumReconfigurator Manual? 0 Play Time 00:21:53 Cumulative 9.0 hours Start 2024.04.04 @ 04:34:01 End 2024.04.04 @ 04:53:43 Sessions 1 Manual Loads 0 Difficulty Rogue Special Mode None Game No. 18 Rogue 13 Adventurer 0 Explorer 5 Win Type - Total 0 Types 0/0/0/0/0/0/0/0/0 Lore% 8 Gallery% 21 Achievement% 19 Wizard Run 0 Options --------- Layout 0 ASCII 0 Keyboard 0 Movement Mouse Keybinds 0 Fullscreen 1 Font 12/Smallcaps Map View 83x54 Zoom Use 0% Tactical HUD 1 Map Filters NONE Filters NONE Steam 1 RUN: 1c0eb995-4f31-4103-83b3-19cccca25db2